 Dungeon Crawl Stone Soup version 0.21-a0-150-gc243083 (webtiles) character file.

361113 Duffy the Brawler (level 22, -7/180 HPs)
             Began as a Naga Monk on July 29, 2017.
             Was the Champion of Cheibriados.
             Mangled by an ironbrand convoker
             ... wielding a cursed +0 morningstar
              (13 damage)
             ... on level 4 of the Vaults.
             The game lasted 01:12:39 (48518 turns).

Duffy the Brawler (Naga Monk)                      Turns: 48518, Time: 01:12:40

Health: -7/180     AC: 43    Str: 44    XL:     22   Next: 78%
Magic:  32/32      EV: 16    Int: 26    God:    Cheibriados [******]
Gold:   1278       SH: 16    Dex: 28    Spells: 18/33 levels left

rFire    + + +     SeeInvis +     - Unarmed
rCold    + + +     Gourm    .   k - +1 shield {AC+3}
rNeg     + . .     Faith    .   w - +2 plate armour {rN+}
rPois    +         Spirit   .   R - +4 helmet of Realont {Str+6 Dex-2}
rElec    +         Reflect  .   B - +0 cloak {MR+}
rCorr    +         Harm     .   F - +0 pair of gloves of the Spider Nest {rC+ Dex+2}
MR       ++++.                  H - +0 naga barding {rC+}
Stlth    ..........             f - amulet "Ekky" {RegenMP rElec rF+ rC+++ Dex-3}
HPRegen  0.40/turn              S - +3 ring of protection
MPRegen  0.48/turn              V - ring of the Hundredfold Deaths {rCorr rF++ rC+ MR+}

@: flayed, very slow
A: claws 1, iridescent scales 1, see invisible, agile 1, deformed body, frail 1,
mutation resistance 1, sense surroundings 1, poison resistance, screaming 1,
slowness 2, slow metabolism 1, spit poison 1, MP-powered wands, constrict 1, AC
+7
}: 1/15 runes: serpentine
a: Spit Poison, Bend Time, Temporal Distortion, Slouch, Step From Time, Renounce
Religion


You were on level 4 of the Vaults.
You worshipped Cheibriados.
Cheibriados was exalted by your worship.
You were very full.

You visited 7 branches of the dungeon, and saw 36 of its levels.

You collected 4325 gold pieces.
You spent 3047 gold pieces at shops.

Inventory:

Missiles
 e - 5 throwing nets (quivered)
Armour
 k - a +1 shield of protection (worn)
 w - a +2 plate armour of positive energy (worn)
 B - a +0 cloak of magic resistance (worn)
 F - the +0 pair of gloves of the Spider Nest (worn) {rC+ Dex+2}
   (You found it on level 8 of the Dungeon)

   It affects your dexterity (+2).
   It protects you from cold.
 H - a +0 naga barding of cold resistance (worn)
 R - the +4 helmet of Realont (worn) {Str+6 Dex-2}
   (You found it on level 6 of the Lair of Beasts)

   It affects your strength (+6).
   It affects your dexterity (-2).
Jewellery
 f - the amulet "Ekky" (around neck) {RegenMP rElec rF+ rC+++ Dex-3}
   (You found it on level 14 of the Dungeon)

   [amulet of magic regeneration]

   It increases your magic regeneration.
   It affects your dexterity (-3).
   It protects you from fire.
   It renders you almost immune to cold.
   It insulates you from electricity.
 S - a +3 ring of protection (left hand)
 V - the ring of the Hundredfold Deaths (right hand) {rCorr rF++ rC+ MR+}
   (You found it on level 6 of the Lair of Beasts)

   [ring of resist corrosion]

   It greatly protects you from fire.
   It protects you from cold.
   It affects your resistance to hostile enchantments.
Wands
 D - a wand of digging (24/24)
 E - a wand of digging (9/24)
 L - a wand of digging (16/24)
Scrolls
 d - 8 scrolls of blinking
 h - a scroll of summoning
 i - 6 scrolls of remove curse
 l - a scroll of fear
 n - a scroll of vulnerability
 q - 5 scrolls of magic mapping
 t - a scroll of silence
 x - 2 scrolls of recharging
 y - 3 scrolls of fog
 C - 12 scrolls of teleportation
 K - 2 scrolls of enchant armour
 N - 4 scrolls of immolation
Potions
 c - 2 potions of ambrosia
 g - a potion of invisibility
 j - 3 potions of cancellation
 m - 12 potions of curing
 o - 3 potions of might
 p - 4 potions of heal wounds
 s - 3 potions of resistance
 u - 4 potions of agility
 z - 2 potions of magic
 A - 5 potions of mutation
 G - 4 potions of brilliance
 J - a potion of flight
Comestibles
 a - 63 fruits
 b - 16 bread rations
 r - 3 meat rations
 v - 5 royal jellies


   Skills:
 + Level 12.9 Fighting
 + Level 12.6 Armour
 + Level 12.6 Dodging
 - Level 3.0 Stealth
 - Level 9.0 Shields
 * Level 18.0 Unarmed Combat
 - Level 6.0 Spellcasting
 - Level 9.0 Charms
 - Level 6.6 Summonings
 - Level 9.0 Necromancy
 - Level 12.0 Translocations
 - Level 7.5 Transmutations
 - Level 7.5 Earth Magic
 - Level 14.0 Invocations


You had 18 spell levels left.
You knew the following spells:

 Your Spells              Type           Power        Failure   Level  Hunger
a - Summon Butterflies    Summ           #####...     1%          1    None
g - Passage of Golubria   Tloc           N/A          1%          4    ###....
h - Lesser Beckoning      Tloc           ######....   1%          3    None
j - Regeneration          Chrm/Necr      ######....   1%          3    None
p - Passwall              Tmut/Erth      #####.....   1%          2    None
B - Blink                 Tloc           N/A          1%          2    None


Dungeon Overview and Level Annotations

Branches:
Dungeon (15/15)            Temple (1/1) D:7            Lair (6/6) D:8
 Shoals (0/4) Lair:3        Snake (4/4) Lair:3        Slime (0/5) Lair:6
    Orc (2/2) D:10            Elf (3/3) Orc:2        Vaults (5/5) D:14
  Crypt (0/3) Vaults:3     Depths (0/5) D:15

Altars:
Ashenzari
Cheibriados
Dithmenos
Elyvilon
Fedhas
Gozag
Hepliaklqana
Kikubaaqudgha
Makhleb
Nemelex Xobeh
Okawaru
Qazlal
Ru
Sif Muna
Trog
Uskayaw
Vehumet
Wu Jian
Xom
Yredelemnul
Zin
The Shining One
Beogh

Shops:
D:7 }[   D:8 ***%   Orc:2 *}?[:   Elf:2 [   Snake:1 ?   Snake:2 %?:   Snake:4 (

Portals:
Pandemonium: Orc:2
Bazaar: Vaults:1
Trove: Vaults:3 (give 19 scrolls of identify)

Annotations:
Lair:1 exclusion: oklob plant
Lair:6 exclusion: 2 oklob plants


Innate Abilities, Weirdness & Mutations

You cannot wear boots.
Your serpentine skin is tough. (AC +7)
You have supernaturally acute eyesight. (SInv)
Armour fits poorly on your strangely shaped body.
Your system is resistant to poisons. (rPois)
You cover ground very slowly.
You have a slow metabolism.
You can spit poison.
You can use your snake-like lower body to constrict enemies.
You have sharp fingernails.
You are partially covered in iridescent scales. (AC +2)
You are agile. (Dex +2)
You are frail. (-10% HP)
You are somewhat resistant to further mutation.
You passively map a small area around you.
You occasionally shout uncontrollably at your foes.
You expend magic power (3 MP) to strengthen your wands.


Message History

The stone giant hits you!
You closely miss the flayed ghost.
The flayed ghost is heavily damaged.
The ironbrand convoker points at the yaktaur captain and mumbles some strange words.
The yaktaur captain seems to grow stronger.
The yaktaur captain hits you but does no damage.
The orc warrior completely misses you. You block the stone giant's attack.
The flayed ghost misses you.
You barely miss the flayed ghost.
The flayed ghost is heavily damaged.
The ironbrand convoker closely misses you.
You hit the flayed ghost but do no damage.
The flayed ghost is heavily damaged.
The yaktaur captain completely misses you.
The stone giant hits you!! The flayed ghost hits you.
The orc warrior hits you but does no damage.
You hit the flayed ghost.
The flayed ghost is heavily damaged.
The ironbrand convoker hits you with a morningstar!
You die...

#.............
#............. #######*
#...%......... .......
#.............
#.....######'#########'
##....#...........# #..
, ,o...oo#.#########.#
#.. , , ,,#oC#W# #[+ #
#.. ,, #c@.#,#.# *, #..
#op#.#,#.. , #..
...po#.# #.. + * #.. ,
##..oW#.#,.... * ###
#.....#.#####.
.......#.+, * *
###+####.# , .. , *


You could see an ironheart preserver, a stone giant, a yaktaur captain, an orc
knight, a flayed ghost, an ironbrand convoker, a wraith, 2 orc warriors and 3
orcs.

Vanquished Creatures
  Nikola (Elf:2)
  Jorgrun (Vaults:4)
  2 liches (Vaults:3)
  2 deep elf blademasters (Elf:3)
  2 deep elf master archers (Elf:3)
  8 nagarajas
  7 vault wardens
  9 deep elf sorcerers
  5 deep elf elementalists
  Aizul (Snake:2)
  An orc warlord (D:10)
  8 ironheart preservers
  3 stone giants
  3 deep elf annihilators
  10 deep elf demonologists
  An ettin (Vaults:3)
  5 deep elf death magi
  4 fire dragons
  4 deep elf high priests
  4 great orbs of eyes
  A crystal guardian (Vaults:4)
  6 ogre magi
  2 rakshasas (Vaults:3)
  12 yaktaur captains
  2 ice dragons
  13 naga warriors
  Harold (Orc:1)
  9 hydras
  13 anacondas
  26 vault guards
  21 two-headed ogres
  3 catoblepae (Lair:6)
  A merfolk aquamancer (Lair:3)
  A death knight (Vaults:3)
  12 centaur warriors
  A deep troll shaman (Vaults:1)
  6 shock serpents
  2 deep troll earth magi
  7 death yaks
  31 dancing weapons
  6 tengu warriors
  10 orc high priests
  11 naga sharpshooters
  Sonja (D:15)
  29 deep elf knights
  A fire crab (Lair:4)
  2 salamander mystics
  16 skeletal warriors
  A deep troll (shapeshifter) (Vaults:4)
  A gelid demonspawn (Orc:2)
  9 wizards
  A flayed ghost (Vaults:3)
  5 unseen horrors
  2 infernal demonspawn (Orc:2)
  An obsidian statue (Vaults:1)
  32 deep elf archers
  12 deep trolls
  9 ironbrand convokers
  15 orc knights
  10 naga ritualists
  3 necromancers
  15 mana vipers
  2 tengu skeletons (Vaults:4)
  7 manticores
  A human zombie (Vaults:2)
  20 ugly things
  88 deep elf magi
  A shadow dragon skeleton (Vaults:4)
  11 orc sorcerers
  8 cyclopes
  A faun (shapeshifter) (Vaults:2)
  12 salamanders
  6 wolf spiders
  2 centaur zombies
  A moth of wrath (shapeshifter) (Vaults:5)
  An elephant (Lair:3)
  3 guardian serpents
  A rust devil (Orc:2)
  A stone giant skeleton (Vaults:1)
  54 black mambas
  7 vault sentinels
  26 naga magi
  18 spiny frogs
  3 gargoyles
  4 rime drakes
  8 centaur skeletons
  A spiny frog (shapeshifter) (Vaults:1)
  3 komodo dragons
  A rime drake (shapeshifter) (D:15)
  45 yaktaurs
  An efreet (D:9)
  6 freezing wraiths
  A redback zombie (D:14)
  A komodo dragon (shapeshifter) (Vaults:1)
  3 tengu conjurers
  16 trolls
  A merfolk (D:9)
  Grinder (D:5)
  6 meliai
  2 polar bears
  A wind drake (shapeshifter) (Vaults:1)
  2 hornets
  A tengu simulacrum (Vaults:4)
  A polar bear (shapeshifter) (Vaults:1)
  A dream sheep (Lair:4)
  8 hippogriffs
  42 slime creatures
  19 blink frogs
  2 spriggans (Lair:2)
  4 air elementals
  A meliai zombie (D:13)
  A tarantella (shapeshifter) (Vaults:3)
  A centaur simulacrum (D:15)
  5 wyverns
  An ettin skeleton (Vaults:2)
  A spriggan (shapeshifter) (Vaults:1)
  2 wraiths
  3 vampires
  3 water elementals
  6 fire elementals
  44 yaks
  A ynoxinul (Orc:2)
  4 basilisks
  3 hungry ghosts
  4 vampire mosquitoes (D:14)
  2 chaos spawn (Orc:2)
  6 wargs
  86 nagas
  5 acid dragons
  A soldier ant (D:14)
  5 porcupines
  A soldier ant (shapeshifter) (D:14)
  12 water moccasins
  58 orc warriors
  An ice beast (D:15)
  An ettin simulacrum (Vaults:2)
  17 ogres
  2 black bears
  A necrophage (D:11)
  5 phantoms
  4 sky beasts
  An eye of draining (D:13)
  2 human skeletons (Vaults:1)
  An eye of draining (shapeshifter) (Vaults:4)
  13 wolves
  3 boggarts (Vaults:3)
  16 centaurs
  9 crocodiles
  2 big kobolds
  A wyvern zombie (D:13)
  32 bullfrogs
  A glowing shapeshifter simulacrum (Vaults:2)
  2 gnoll sergeants
  3 earth elementals
  7 scorpions
  8 killer bees
  A human simulacrum (Vaults:2)
  3 wights (D:15)
  11 howler monkeys
  An electric eel (Lair:6)
  4 bullfrog zombies
  10 crimson imps
  5 jellies
  9 hounds
  33 orc priests
  6 iguanas
  32 orc wizards
  11 worker ants
  A killer bee zombie (D:8)
  A hound zombie (D:10)
  13 adders
  14 gnolls
  3 shadow imps
  2 white imps (Vaults:3)
  3 oozes
  3 adder zombies
  An adder skeleton (D:6)
  4 worms
  6 dart slugs
  6 leopard geckos
  136 orcs
  A ball python (D:5)
  5 giant cockroaches
  5 goblins
  8 hobgoblins
  7 jackals
  4 quokkas
  14 bats
  4 frilled lizards
  17 kobolds
  A quokka skeleton (D:8)
  4 rats
1675 creatures vanquished.

Vanquished Creatures (others)
  A deep elf knight (Elf:2)
  A deep elf archer (Elf:2)
  A naga mage (Snake:2)
  A centaur (D:14)
  4 bushes
  11 fungi
  17 plants
36 creatures vanquished.

Grand Total: 1711 creatures vanquished

Notes
Turn   | Place    | Note
-------+----------+-------------------------------------------
     0 | D:1      | Duffy the Naga Monk began the quest for the Orb.
     0 | D:1      | Reached XP level 1. HP: 21/21 MP: 1/1
   186 | D:1      | Reached XP level 2. HP: 23/28 MP: 2/2
   504 | D:1      | Reached skill level 4 in Unarmed Combat
   516 | D:1      | Reached XP level 3. HP: 25/34 MP: 3/3
  1456 | D:2      | Reached XP level 4. HP: 36/42 MP: 4/4
  1609 | D:2      | Reached skill level 5 in Unarmed Combat
  2235 | D:3      | Reached XP level 5. HP: 30/49 MP: 5/5
  2573 | D:3      | Found a shimmering altar of Xom.
  2741 | D:3      | Reached skill level 6 in Unarmed Combat
  3239 | D:4      | Reached XP level 6. HP: 50/56 MP: 6/6
  3584 | D:4      | Reached skill level 7 in Unarmed Combat
  4148 | D:5      | Entered Level 5 of the Dungeon
  4530 | D:5      | Found a hide-covered altar of Uskayaw.
  4540 | D:5      | Found a hazy altar of Hepliaklqana.
  4644 | D:5      | Reached XP level 7. HP: 62/62 MP: 7/7
  4873 | D:5      | Reached skill level 8 in Unarmed Combat
  5440 | D:4      | Reached skill level 9 in Unarmed Combat
  5534 | D:5      | Reached XP level 8. HP: 39/69 MP: 8/8
  5538 | D:5      | Gained mutation: You possess an exceptional clarity of mind. [mutagenic meat]
  5539 | D:5      | Gained mutation: You are agile. (Dex +2) [mutagenic meat]
  5540 | D:5      | Gained mutation: You have a pair of small horns on your head. [mutagenic meat]
  5541 | D:5      | Gained mutation: You occasionally shout uncontrollably at your foes. [mutagenic meat]
  5542 | D:5      | Gained mutation: You are partially covered in iridescent scales. (AC +2) [mutagenic meat]
  5897 | D:6      | Found a sparkling altar of Nemelex Xobeh.
  6251 | D:6      | Noticed Grinder
  6268 | D:5      | Killed Grinder
  6268 | D:5      | Reached skill level 5 in Fighting
  6367 | D:6      | Reached skill level 10 in Unarmed Combat
  6987 | D:6      | Reached XP level 9. HP: 54/82 MP: 9/9
  7721 | D:7      | Found an ancient bone altar of Kikubaaqudgha.
  8179 | D:7      | Found Tusk's Gadget Boutique.
  8200 | D:7      | Found a staircase to the Ecumenical Temple.
  8209 | Temple   | Entered the Ecumenical Temple
  8218 | Temple   | Became a worshipper of Cheibriados the Contemplative
  8218 | Temple   | Reached * piety under Cheibriados
  8218 | Temple   | Reached ** piety under Cheibriados
  8423 | D:7      | Reached skill level 11 in Unarmed Combat
  8474 | D:7      | Found Guesukeuly's Antique Armour Emporium.
  8560 | D:7      | Bought a glowing shield for 225 gold pieces
  8858 | D:8      | Noticed a two-headed ogre
  8860 | D:8      | Noticed a mana viper
  8860 | D:8      | a two-headed ogre changed into a mana viper
  8866 | D:8      | Killed a mana viper
  8866 | D:8      | Reached skill level 1 in Shields
  9048 | D:8      | Found a bloodstained altar of Trog.
  9065 | D:8      | Found Leptag's Assorted Antiques.
  9078 | D:8      | Bought a scroll labeled ZOMYCI USIO for 29 gold pieces
  9103 | D:8      | Bought a scroll of teleportation for 87 gold pieces
  9139 | D:8      | Found Maorph's Assorted Antiques.
  9147 | D:8      | Reached XP level 10. HP: 94/94 MP: 10/10
  9163 | D:8      | You fall through a shaft!
  9172 | D:9      | Reached *** piety under Cheibriados
  9336 | D:8      | Found Rawany's Assorted Antiques.
  9339 | D:8      | Found a staircase to the Lair.
  9342 | D:8      | Got a pair of jewelled gloves
  9348 | D:8      | Identified the +0 pair of gloves of the Spider Nest {rC+ Dex+2} (You found it on level 8 of the Dungeon)
  9350 | D:8      | Bought a fuming purple potion for 20 gold pieces
  9350 | D:8      | Bought a fuming purple potion for 20 gold pieces
  9369 | D:8      | Found Plog's Food Boutique.
  9397 | D:8      | Learned a level 2 spell: Blink
  9498 | D:8      | Identified Xeotyapn's Volume of Flying Stones
  9500 | D:8      | Found a basalt altar of Yredelemnul.
  9836 | D:9      | Found an ancient bone altar of Kikubaaqudgha.
  9875 | D:9      | Reached **** piety under Cheibriados
 10134 | D:9      | Reached skill level 12 in Unarmed Combat
 10317 | D:9      | Reached skill level 1 in Invocations
 10616 | D:10     | Entered Level 10 of the Dungeon
 10976 | D:10     | Gained mutation: You expend magic power (3 MP) to strengthen your wands. [mutagenic meat]
 10977 | D:10     | Lost mutation: You expend magic power (3 MP) to strengthen your wands. [mutagenic meat]
 10978 | D:10     | Gained mutation: You have a somewhat thin skeletal structure. (Dex +2, Stealth) [mutagenic meat]
 10979 | D:10     | Gained mutation: You are very agile. (Dex +4) [mutagenic meat]
 10980 | D:10     | Gained mutation: Your tail ends in a poisonous barb. [mutagenic meat]
 10981 | D:10     | Gained mutation: You are weak. (Str -2) [mutagenic meat]
 11003 | D:10     | Reached XP level 11. HP: 99/100 MP: 13/13
 11194 | D:10     | Reached ***** piety under Cheibriados
 11194 | D:10     | Reached skill level 5 in Shields
 11213 | D:10     | Found a staircase to the Orcish Mines.
 11222 | D:10     | Reached skill level 5 in Armour
 11528 | D:10     | Noticed a deep elf mage
 11535 | D:10     | Killed a deep elf mage
 11776 | Lair:1   | Entered Level 1 of the Lair of Beasts
 11903 | Lair:1   | Noticed an oklob plant
 12050 | Lair:1   | Reached skill level 5 in Invocations
 13327 | Lair:2   | Noticed a four-headed hydra
 13333 | Lair:2   | Killed a four-headed hydra
 13333 | Lair:2   | Reached XP level 12. HP: 78/109 MP: 17/17
 13716 | Lair:2   | Reached ****** piety under Cheibriados
 14175 | Lair:3   | Found a staircase to the Snake Pit.
 14284 | Lair:3   | Noticed a merfolk aquamancer
 14298 | Lair:3   | Killed a merfolk aquamancer
 14412 | Lair:3   | Found a staircase to the Shoals.
 16145 | Lair:4   | Noticed a six-headed hydra
 16160 | Lair:4   | Killed a six-headed hydra
 16160 | Lair:4   | Gained mutation: You can use your snake-like lower body to constrict enemies. [Naga growth]
 16160 | Lair:4   | Reached XP level 13. HP: 101/117 MP: 19/19
 16316 | Lair:4   | Reached skill level 5 in Dodging
 17192 | Lair:5   | Learned a level 2 spell: Blink
 17196 | Lair:5   | Learned a level 3 spell: Lesser Beckoning
 17201 | Lair:5   | Learned a level 4 spell: Passage of Golubria
 17791 | Lair:6   | Entered Level 6 of the Lair of Beasts
 17973 | Lair:6   | Found a staircase to the Slime Pits.
 18119 | Lair:6   | Got a fine helmet
 18194 | Lair:6   | Identified the +4 helmet of Realont {Str+6 Dex-2} (You found it on level 6 of the Lair of Beasts)
 18828 | Lair:6   | Reached XP level 14. HP: 126/126 MP: 20/20
 19157 | Lair:6   | Reached skill level 10 in Armour
 19332 | Lair:6   | Got a twitching steel ring
 19343 | Lair:6   | Identified the ring of the Hundredfold Deaths {rCorr rF++ rC+ MR+} (You found it on level 6 of the Lair of Beasts)
 19588 | Orc:1    | Entered Level 1 of the Orcish Mines
 19588 | Orc:1    | Noticed an orc warlord
 19610 | D:10     | Killed an orc warlord
 19886 | Orc:1    | Found a roughly hewn altar of Beogh.
 20100 | Orc:2    | Entered Level 2 of the Orcish Mines
 20176 | Orc:1    | Noticed Harold
 20184 | Orc:1    | Killed Harold
 20483 | Orc:2    | Found Koff's Book Shoppe.
 20830 | Orc:2    | Found a staircase to the Elven Halls.
 20940 | Orc:2    | Reached skill level 13 in Unarmed Combat
 21578 | Orc:2    | Found Xuub's General Store.
 21711 | Orc:2    | Found Laywuw's Magic Scroll Boutique.
 21829 | Orc:2    | Reached skill level 14 in Unarmed Combat
 22056 | Orc:2    | Reached XP level 15. HP: 132/132 MP: 21/21
 22365 | Orc:2    | Found Pishu's Gadget Shoppe.
 22365 | Orc:2    | Found Ohelakki's Antique Armour Emporium.
 22365 | Orc:2    | Found a one-way gate leading to the halls of Pandemonium.
 22476 | Orc:2    | Reached skill level 15 in Unarmed Combat
 22641 | D:7      | Bought an ichor-stained plate armour for 840 gold pieces
 22651 | D:7      | Identified the cursed +0 plate armour of Gesh {Dex+5} (You bought it in a shop on level 7 of the Dungeon)
 22721 | D:10     | Reached skill level 1 in Translocations
 22796 | Orc:2    | Bought a scroll of identify for 22 gold pieces
 22796 | Orc:2    | Bought 2 scrolls of identify for 44 gold pieces
 22796 | Orc:2    | Bought a scroll of identify for 22 gold pieces
 22919 | D:11     | Found a burning altar of Makhleb.
 22933 | D:11     | Reached skill level 1 in Spellcasting
 23980 | D:12     | Reached skill level 5 in Translocations
 24273 | D:12     | You fall through a shaft for 3 floors!
 24273 | D:15     | Entered Level 15 of the Dungeon
 24415 | D:14     | Got a scorched steel amulet
 25606 | Orc:2    | Bought a scroll of identify for 26 gold pieces
 25741 | D:8      | Bought a scroll of identify for 46 gold pieces
 25741 | D:8      | Bought a scroll of identify for 46 gold pieces
 25741 | D:8      | Bought a scroll of identify for 46 gold pieces
 25780 | D:8      | Bought 2 scrolls of identify for 104 gold pieces
 25780 | D:8      | Bought a scroll of identify for 52 gold pieces
 25782 | D:8      | Identified the amulet "Ekky" {RegenMP rElec rF+ rC+++ Dex-3} (You found it on level 14 of the Dungeon)
 26277 | D:15     | Noticed Sonja
 26280 | D:15     | Killed Sonja
 26329 | D:15     | Reached XP level 16. HP: 140/140 MP: 22/22
 26646 | D:15     | Reached skill level 10 in Translocations
 27386 | D:15     | Found a staircase to the Depths.
 27742 | D:14     | Found a gate to the Vaults.
 28456 | D:14     | Reached skill level 5 in Spellcasting
 28558 | D:14     | Found an ancient bone altar of Kikubaaqudgha.
 29114 | D:14     | Gained mutation: Your tail ends in a sharp poisonous barb. [mutagenic meat]
 29117 | D:14     | Gained mutation: You are resistant to hostile enchantments. (MR+) [mutagenic meat]
 29424 | Elf:1    | Entered Level 1 of the Elven Halls
 29446 | Elf:1    | Found a radiant altar of Vehumet.
 29837 | Elf:1    | Reached XP level 17. HP: 135/148 MP: 26/26
 30260 | Elf:1    | Reached skill level 10 in Dodging
 30261 | Elf:1    | Reached skill level 10 in Fighting
 30648 | Elf:2    | Noticed Nikola
 30669 | Elf:2    | Killed Nikola
 31135 | Elf:2    | Found a runed gate.
 31135 | Elf:2    | Found a runed gate.
 31135 | Elf:2    | Found a runed gate.
 31605 | Elf:2    | Reached XP level 18. HP: 144/165 MP: 27/27
 32046 | Elf:2    | Found Tizucs's Armour Emporium.
 32140 | Elf:3    | Entered Level 3 of the Elven Halls
 32757 | Elf:3    | Noticed a deep elf blademaster
 32766 | Elf:3    | Killed a deep elf blademaster
 32938 | Elf:3    | Noticed a deep elf blademaster
 32941 | Elf:3    | Killed a deep elf blademaster
 33044 | Elf:3    | Got a slimy sapphire amulet
 33067 | Elf:3    | Identified the amulet of Causiax {RegenMP rF+ Dex+2} (You took it off a deep elf blademaster on level 3 of the Elven Halls)
 33112 | Elf:3    | Noticed a deep elf master archer
 33120 | Elf:3    | Killed a deep elf master archer
 33294 | Elf:3    | Reached skill level 10 in Invocations
 33786 | Elf:3    | Noticed a deep elf master archer
 33795 | Elf:3    | Killed a deep elf master archer
 34002 | Elf:3    | Reached XP level 19. HP: 131/175 MP: 25/28
 34122 | Elf:3    | Identified the Grimoire of Evil and the Glacier
 34134 | Elf:3    | Got a ring of the Octopus King
 34140 | Elf:3    | Identified a ring of the Octopus King {MP+9 AC+1 EV+1 Str+1 Int+1 Dex+1} (You took it off a deep elf master archer on level 3 of the Elven Halls)
 34259 | Elf:3    | Got a wavering turquoise ring
 34266 | Elf:3    | Got a scorched graven amulet
 34267 | Elf:3    | Identified the amulet "Dimethreh" {*Corrode Regen+ Str-5 Slay+5 SInv} (You took it off a deep elf demonologist on level 3 of the Elven Halls)
 34268 | Elf:3    | Identified the ring "Waixtoov" {rPois MR+ Str-5 SInv} (You took it off a deep elf sorcerer on level 3 of the Elven Halls)
 34277 | Elf:3    | Reached skill level 16 in Unarmed Combat
 34323 | Elf:3    | Identified the Incunabulum of Lightness and Sinister Rituals
 34330 | Elf:3    | Learned a level 3 spell: Regeneration
 34336 | Elf:3    | Identified Sif Muna's Reference Book on Transformation and Black Magic
 34342 | Elf:3    | Learned a level 2 spell: Passwall
 35308 | Orc:2    | Bought a runed scarf for 248 gold pieces
 35331 | Orc:2    | Lost mutation: Your tail ends in a sharp poisonous barb. [potion of mutation]
 35331 | Orc:2    | Lost mutation: You are weak. (Str -2) [potion of mutation]
 35331 | Orc:2    | Lost mutation: You possess an exceptional clarity of mind. [potion of mutation]
 35331 | Orc:2    | Gained mutation: Your muscles are strong. (Str +2) [potion of mutation]
 35331 | Orc:2    | Gained mutation: You are somewhat resistant to further mutation. [potion of mutation]
 35332 | Orc:2    | Lost mutation: Your tail ends in a poisonous barb. [potion of mutation]
 35332 | Orc:2    | Lost mutation: You are resistant to hostile enchantments. (MR+) [potion of mutation]
 35332 | Orc:2    | Lost mutation: You are very agile. (Dex +4) [potion of mutation]
 35332 | Orc:2    | Gained mutation: You have sharp fingernails. [potion of mutation]
 35333 | Orc:2    | Lost mutation: Your muscles are strong. (Str +2) [potion of mutation]
 35333 | Orc:2    | Lost mutation: You have sharp fingernails. [potion of mutation]
 35333 | Orc:2    | Lost mutation: You have a pair of small horns on your head. [potion of mutation]
 35473 | D:8      | Bought an embroidered cloak for 217 gold pieces
 35526 | D:7      | Bought a glowing cloak for 225 gold pieces
 35773 | Snake:1  | Entered Level 1 of the Snake Pit
 36099 | Snake:1  | Reached skill level 1 in Necromancy
 36260 | Snake:1  | Reached skill level 1 in Charms
 36337 | Snake:1  | Found Qaeraed's Magic Scroll Emporium.
 36447 | Snake:1  | Learned a level 1 spell: Summon Butterflies
 37610 | Snake:2  | Gained mutation: You have sharp fingernails. [mutagenic meat]
 37640 | Snake:2  | Found Tanueb's Food Shop.
 37644 | Snake:2  | Found Katzam's Magic Scroll Boutique.
 37645 | Snake:2  | Found Egoc's Book Shop.
 37650 | Snake:2  | Bought a scroll of acquirement for 728 gold pieces
 38274 | Snake:2  | Noticed Aizul
 38282 | Snake:2  | Killed Aizul
 38352 | Snake:2  | Reached skill level 5 in Necromancy
 38574 | Snake:2  | Reached skill level 17 in Unarmed Combat
 38591 | Snake:2  | Reached skill level 5 in Charms
 39112 | Snake:2  | Reached XP level 20. HP: 180/183 MP: 29/29
 39936 | Snake:4  | Entered Level 4 of the Snake Pit
 40675 | Snake:4  | Found Rafack Wiesi's Weapon Emporium.
 41132 | Snake:4  | Reached skill level 1 in Earth Magic
 41144 | Snake:4  | Reached skill level 1 in Summonings
 41241 | Snake:4  | Reached skill level 1 in Transmutations
 41338 | Snake:4  | Got a serpentine rune of Zot
 41844 | Vaults:1 | Entered Level 1 of the Vaults
 42292 | Vaults:3 | Reached skill level 5 in Summonings
 42377 | Vaults:3 | Reached XP level 21. HP: 164/190 MP: 28/30
 42835 | Vaults:4 | Lost mutation: You have a somewhat thin skeletal structure. (Dex +2, Stealth) [mutagenic meat]
 42915 | Vaults:4 | Found a shattered altar of Ashenzari.
 43082 | Vaults:5 | Entered Level 5 of the Vaults
 43085 | Vaults:5 | Reached skill level 5 in Earth Magic
 43085 | Vaults:5 | Reached skill level 5 in Transmutations
 43662 | Vaults:1 | Found a gateway to a bazaar.
 44482 | Vaults:1 | Gained mutation: You expend magic power (3 MP) to strengthen your wands. [mutagenic meat]
 45106 | Vaults:2 | Reached XP level 22. HP: 183/198 MP: 29/32
 46626 | Vaults:2 | Gained mutation: You passively map a small area around you. [mutagenic meat]
 46627 | Vaults:2 | Gained mutation: You are frail. (-10% HP) [mutagenic meat]
 47469 | Vaults:3 | Found a portal to a secret trove of treasure.
 47590 | Vaults:3 | Found a staircase to the Crypt.
 47590 | Vaults:3 | Found an ancient bone altar of Kikubaaqudgha.
 47591 | Vaults:3 | Found a basalt altar of Yredelemnul.
 48367 | Vaults:3 | Reached skill level 18 in Unarmed Combat
 48498 | Vaults:4 | Noticed Jorgrun
 48504 | Vaults:4 | Killed Jorgrun
 48517 | Vaults:4 | HP: 8/180 [stone giant (24)]
 48518 | Vaults:4 | Mangled by an ironbrand convoker

Vault maps used:
D:1:      dpeg_arrival_lava_altar, minmay_pentomino_u4
D:2:      cheibrodos_old_hovel
D:3:      old_standard_altar, st_stairs_8
D:4:      first_bread
D:5:      minitemple
D:6:      nemelex_xobeh_ov_fountains_minmay, uniq_grinder
D:7:      marbit_many_paths, minmay_temple_entry_statues, serial_shops,
          nicolae_shop_behind_doors, shop
D:8:      lemuel_round_altar, nicolae_overflow_hidden_temple, lair_entry_dummy,
          serial_shops, nicolae_shop_temple_entry_statues_fountains,
          nicolae_shop_overgrown_old_shop, shop, shop
D:9:      basic_altar, hangedman_fish_farm
D:10:     orc_0_dummy
D:11:     basic_altar
D:13:     grunt_decor_mini_mirrors
D:14:     david_vaults_1, old_standard_altar
D:15:     grunt_enter_depths_hoard, serial_bayou_shore_b, corner_web_ring,
          uniq_sonja
Temple:   nicolae_temple_no_exploring_needed
Lair:1:   minmay_lair_oklob_tunnel, grunt_megastairs_2, lemuel_fruit_fields
Lair:2:   minivault_23, forest_entry_grove, serial_bayou_shore_b
Lair:3:   shoals_dummy_entry, minmay_snake_entry_guardpost_small
Lair:4:   hangedman_lair_generics_rect, grunt_megastairs_5, lemuel_fruit_tree
Lair:5:   grunt_forest_small_clearings, beast_lair_carwin_2, grunt_megastairs_1,
          infiniplex_staircase_pool_2
Lair:6:   evilmike_catoblepas_cave, minmay_slime_entry_oklob_open,
          lookout_lair_type, serial_bayou_shore_b, infiniplex_staircase_pool,
          grunt_megastairs_3
Snake:1:  serial_shops, shop, st_stairs_1, hangedman_snake_thin_pillar_pass
Snake:2:  minmay_shop_star, uniq_aizul
Snake:4:  minmay_snake_end_coiled, serial_shops, shop_fountains
Orc:1:    basic_altar, uniq_harold
Orc:2:    pf_orc_diabolical, serial_shops, nicolae_shop_trees
Elf:1:    eino_elf_arrival_altar, evilmike_minifort
Elf:2:    serial_shops, nicolae_shop_stone, uniq_nikola
Elf:3:    elf_hall_gauntlet_narrow, guppyfry_elf_garden
Vaults:1: nicolae_vaults_mini_display_case, v_rooms_5, vaults_room_grid,
          nicolae_vaults_arrows, nicolae_vaults_halls_meeting, vaults_dpeg_ring,
          nicolae_vaults_asterisk, ontoclasm_vaults_loading_screen, v_pattern_2,
          v_misc_15, vaults_standard_mumra_lines, vaults_room_semicircle,
          ontoclasm_vaults_pinch, serial_shops, statue_bzr
Vaults:2: vaults_room_pool, nicolae_vaults_three_branches, v_alt_pattern_2,
          vaults_room_large_hall, v_misc_11, vaults_dpeg_encased_lava,
          grunt_vaults_hallway_long, ontoclasm_vaults_bender,
          nicolae_vaults_c_with_doors
Vaults:3: vaults_room_boxed, v_misc_10, nicolae_vaults_what_the_h,
          hangedman_vaults_slither, serial_ice_g, nicolae_vaults_alarming,
          nicolae_vaults_angled_halls, minmay_crypt_entry_necro_gods,
          ontoclasm_vaults_twist, enter_trove_2
Vaults:4: v_misc_1, hangedman_vaults_stagger, st_lattice, hangedman_vaults_maws,
          nicolae_vaults_shelves_hall, nicolae_vaults_windows_and_doors_thing,
          vaults_room_semicircle, v_misc_8, nicolae_vaults_little_squares_1,
          ontoclasm_vaults_shuriken, basic_altar, uniq_jorgrun
Vaults:5: uniq_margery

Skill      XL: |  1  2  3  4  5  6  7  8  9 10 11 12 13 14 15 16 17 18 19 20 21 22 |
---------------+-------------------------------------------------------------------+-----
Unarmed Combat | 4 5 6 7 9 10 11 12 14 15 17 18 | 18.0
Fighting       | 5 7 8 11 12 | 12.9
Armour         | 2 4 5 6 9 10 11 12 | 12.6
Shields        | 2 4 7 9 |  9.0
Invocations    | 3 7 9 10 12 14 | 14.0
Dodging        | 4 7 8 9 10 12 | 12.6
Translocations | 9 12 | 12.0
Spellcasting   | 4 6 |  6.0
Necromancy     | 5 9 |  9.0
Charms         | 5 9 |  9.0
Earth Magic    | 2 7 |  7.5
Summonings     | 6 |  6.6
Transmutations | 2 7 |  7.5
Stealth        | |  3.0

Action                   |  1- 3 |  4- 6 |  7- 9 | 10-12 | 13-15 | 16-18 | 19-21 | 22-24 || total
-------------------------+-------+-------+-------+-------+-------+-------+-------+-------++-------
Melee: Unarmed           |    96 |   187 |   296 |   589 |  1009 |   890 |  1431 |   508 ||  5006
       Punch             |     1 |     6 |    12 |       |       |       |       |       ||    19
       Headbutt          |       |       |    36 |   207 |   474 |   412 |    38 |       ||  1167
       Tailslap          |       |       |       |    99 |   344 |   294 |    28 |       ||   765
       Constrict         |       |       |       |       |   255 |   207 |   353 |    73 ||   888
 Cast: Lesser Beckoning  |       |       |       |       |       |    20 |    10 |       ||    30
       Regeneration      |       |       |       |       |       |       |    42 |     7 ||    49
Invok: Bend Time         |       |       |       |     1 |       |       |       |       ||     1
       Slouch            |       |       |       |       |     5 |     8 |     6 |     2 ||    21
       Temporal Distorti |       |       |       |       |     1 |     4 |     2 |       ||     7
 Abil: Spit Poison       |    11 |    41 |    17 |       |       |       |       |       ||    69
Evoke: Wand              |       |       |     2 |     2 |     3 |       |       |       ||     7
  Use: Scroll            |       |     7 |     7 |     9 |    12 |     9 |     7 |       ||    51
       Potion            |       |     1 |     4 |     2 |       |     7 |     5 |       ||    19
 Stab: Sleeping          |     2 |     2 |       |       |       |       |       |       ||     4
       Distracted        |       |       |       |     1 |       |     1 |       |       ||     2
  Eat: Chunk             |     1 |    11 |    17 |    19 |    14 |    10 |    20 |    14 ||   106
       Meat ration       |       |       |       |     1 |     3 |     3 |     3 |     2 ||    12
       Royal jelly       |       |       |       |       |       |       |     2 |       ||     2
Armor: Chain mail        |    43 |       |       |       |       |       |       |       ||    43
       Ring mail         |     5 |    95 |    94 |       |       |       |       |       ||   194
       Skin              |       |       |    10 |    21 |       |       |       |       ||    31
       Plate armour      |       |       |    31 |   230 |   338 |   344 |   767 |   231 ||  1941
Dodge: Dodged            |    29 |   110 |    86 |   116 |   386 |   369 |   856 |   255 ||  2207
Block: Shield            |       |       |    16 |   445 |   904 |   721 |  1456 |   471 ||  4013
       Reflection        |       |       |       |     4 |    27 |       |       |       ||    31
